 Dungeon Sprint DCSS version 0.16-a0-3061-g1c4ddba (webtiles) character file.

130 BluebellGnoll the Bludgeoner (level 8, 0/83 HPs)
             Began as a Troll Berserker on Dec 10, 2014.
             Was an Elder of Trog.
             Slain by a naga
             ... wielding a +0 halberd
              (14 damage)
             ... in the Dungeon (Sprint VI: "Thunderdome").
             The game lasted 00:11:51 (758 turns).

BluebellGnoll the Bludgeoner (Troll Berserker)       Turns: 758, Time: 00:11:51

Health: 0/83       AC:  5    Str: 26    XL:     8   Next: 57%
Magic:  0/3        EV:  9    Int:  3    God:    Trog [****..]
Gold:   174        SH:  0    Dex:  9    Spells: 0 memorised, 7 levels left

rFire  . . .     SeeInvis .     n - +0 giant spiked club
rCold  . . .     Clarity  .     b - +0 animal skin
rNeg   . . .     SustAb   .     (shield restricted)
rPois  +         Gourm    +     (helmet restricted)
rElec  +         Spirit   +     (no cloak)
rCorr  .         Warding  .     (gloves unavailable)
rMut   .         NoTele   +     (boots unavailable)
MR     +....                    o - amulet of Lecoitze {Spirit MR+}
Stlth  +.........               (no ring)
                                a - ring "Sevutimm" {rElec rPois Str-2}

@: constricted, somewhat resistant to hostile enchantments, very unstealthy
A: unfitting armour, claws 3, fast metabolism 3, gourmand, regeneration 2,
shaggy fur 1, tough skin 2
a: Burn Spellbooks, Berserk, Trog's Hand, Brothers in Arms, Renounce Religion


You were in the Dungeon.
You worshipped Trog.
Trog was greatly pleased with you.
You were not hungry.

You visited 1 branch You collected 390 gold pieces.
You spent 216 gold pieces at shops.

Inventory:

Hand weapons
 n - a +0 giant spiked club (weapon)
Missiles
 s - 8 stones (quivered)
Armour
 b - a +0 animal skin (worn)
 q - a +0 robe of the Archmagi
Jewellery
 a - the ring "Sevutimm" (left claw) {rElec rPois Str-2}
   (You bought it in a shop in the Dungeon)

   [ring of poison resistance]

   It affects your strength (-2).
   It insulates you from electricity.
   It protects you from poison.
 o - the amulet of Lecoitze (around neck) {Spirit MR+}
   (You bought it in a shop in the Dungeon)

   [amulet of guardian spirit]

   It causes incoming damage to be split between your health and magic.
   It affects your resistance to hostile enchantments.
Magical devices
 j - a wand of cold (0)
 k - a wand of fire (2)
Scrolls
 i - 4 scrolls of blinking
 l - 3 scrolls of fog
Potions
 d - a potion of curing
 e - 3 potions of heal wounds
 f - 4 potions of haste
 g - 2 potions of magic
 h - a potion of berserk rage
 m - a potion of resistance
 p - a potion of mutation {unknown}
Comestibles
 c - a meat ration
 r - 3 royal jellies


   Skills:
 + Level 5.9 Fighting
 - Level 15.9 Maces & Flails
 - Level 1.5 Armour
 - Level 1.5 Dodging


You had 7 spell levels left.
You didn't know any spells.

Dungeon Overview and Level Annotations

Branches:
Dungeon (1/1)

Altars:
Cheibriados
Dithmenos
Elyvilon
Fedhas
Gozag
Kikubaaqudgha
Makhleb
Nemelex Xobeh
Okawaru
Qazlal
Ru
Sif Muna
Trog
Vehumet
Xom
Yredelemnul
Zin
The Shining One
Jiyva
Lugonu

Shops:
D *[%??*?*:[((!!!!


Innate Abilities, Weirdness & Mutations

You are too large for most types of armour.
You have claws for hands.
Your metabolism is lightning-fast.
You like to eat raw meat.
You heal very quickly.
You are covered in fur (AC +1).
You have very tough skin (AC +2).


Message History

* * * LOW HITPOINT WARNING * * *
x2 The giant anaconda constricts you.
Your ogre misses the giant anaconda.
Unknown command.
Drink which item? (? for menu, Esc to quit)
You feel much better.
The giant anaconda completely misses you.
* * * LOW HITPOINT WARNING * * *
The giant anaconda constricts you.
Your ogre hits the giant anaconda with a giant club!!
The giant anaconda barely misses you.
* * * LOW HITPOINT WARNING * * *
The giant anaconda constricts you.
You puncture the giant anaconda!
The giant anaconda is moderately wounded.
The giant anaconda barely misses you.
* * * LOW HITPOINT WARNING * * *
The giant anaconda constricts you.
Your ogre hits the giant anaconda with a giant club!!!
The naga hits you from afar with a halberd!
You die...

#∩.......∩# #_......._#
#_......._# #_......._#
###.........##
#⌠...........⌠
######.8..)......8.
##∩___...)..###.....
###N.@O.[...8.# #.8...
##.....S.......###(....
#§..........###...###..
#⌠..........# #.<.# #..
#⌠..........###...###..
##.............###.....
###∩........8.# #.8...
##∩.__......###.....
######.8.........8.


You could see a giant anaconda, a naga and a friendly ogre (berserk).

Vanquished Creatures
  A salamander (D)
  2 rust devils (D)
  2 necrophages (D)
  A phantom (D)
  Sigmund (D)
  3 earth elementals (D)
  Jessica (D)
  An adder skeleton (D)
  A bat zombie (D)
  A hobgoblin (D)
  5 kobolds (D)
  A ball python skeleton (D)
  A bat (D)
  2 goblins (D)
23 creatures vanquished.

Vanquished Creatures (others)
  A kobold (D)
1 creature vanquished.

Grand Total: 24 creatures vanquished

Notes
Turn   | Place    | Note
--------------------------------------------------------------
     0 | D        | BluebellGnoll, the Troll Berserker, began the quest for the Orb.
     0 | D        | Reached XP level 1. HP: 22/22 MP: 1/1
     1 | D        | Found a stormy altar of Qazlal.
     2 | D        | Found a bloodstained altar of Trog.
     2 | D        | Found a sacrificial altar of Ru.
     3 | D        | Found an iron altar of Okawaru.
     3 | D        | Found an ancient bone altar of Kikubaaqudgha.
     4 | D        | Found Shyrha's Do-It-Yourself Clinic.
     4 | D        | Found a basalt altar of Yredelemnul.
     4 | D        | Found Xiotau's Weapon Rack.
     4 | D        | Found Froawod's Basic Armour.
     5 | D        | Round 1.
     8 | D        | Found a corrupted altar of Lugonu.
     8 | D        | Found Schoriet's Miscellaneous Merchandise.
    10 | D        | Found Shriec's Premium Goods.
    12 | D        | Bought a +0 giant spiked club for 57 gold pieces
    18 | D        | Found a white marble altar of Elyvilon.
    19 | D        | Found a glowing golden altar of the Shining One.
    26 | D        | Found Gaeraf's Identification Station.
    26 | D        | Found Kengoery's Advanced Armour.
    27 | D        | Found a sparkling altar of Nemelex Xobeh.
    28 | D        | Reached skill level 3 in Maces & Flails
    29 | D        | Found Uqisif's Jewellery.
    29 | D        | Found a radiant altar of Vehumet.
    29 | D        | Found a shimmering altar of Xom.
    29 | D        | Found Xehumn's Bee Food.
    36 | D        | Bought a wavering pewter ring for 45 gold pieces
    36 | D        | Bought a warped bronze amulet for 45 gold pieces
    36 | D        | Bought a transparent lead ring for 45 gold pieces
    36 | D        | Identified the ring "Sevutimm" {rElec rPois Str-2} (You bought it in a shop in the Dungeon)
    37 | D        | Identified the amulet of Lecoitze {Spirit MR+} (You bought it in a shop in the Dungeon)
    38 | D        | Identified the ring of Irrepressible Laughter {AC+4 Str-3 Int+4} (You bought it in a shop in the Dungeon)
    45 | D        | Found a burning altar of Makhleb.
    47 | D        | Found a glowing silver altar of Zin.
    47 | D        | Found a deep blue altar of Sif Muna.
    48 | D        | Found Ilack's Magic Scroll Shop.
    53 | D        | Found Loorefew's Magic Scroll Shop.
    54 | D        | Acquired Trog's second power
    55 | D        | Found a blossoming altar of Fedhas.
    55 | D        | Found a shadowy altar of Dithmenos.
    56 | D        | Found a viscous altar of Jiyva.
    56 | D        | Found Ruzouwie's Staff Store.
    56 | D        | Found Tupiluvy's Must-Have Magic.
    60 | D        | Found a snail-covered altar of Cheibriados.
    61 | D        | Found an opulent altar of Gozag.
    62 | D        | Found Saxuseabb's Distillery.
    63 | D        | Found Xihoer's Distillery.
    65 | D        | Found Pryull's Bottled Wisdom.
   123 | D        | Noticed Sigmund
   130 | D        | Killed Sigmund
   130 | D        | Reached skill level 7 in Maces & Flails
   130 | D        | Reached XP level 2. HP: 18/29 MP: 0/1
   130 | D        | Reached XP level 3. HP: 22/36 MP: 0/2
   130 | D        | Reached XP level 4. HP: 26/44 MP: 0/2
   139 | D        | Noticed Jessica
   145 | D        | Killed Jessica
   145 | D        | Arena points: 14 (+14) [x2]
   145 | D        | Reached skill level 8 in Maces & Flails
   187 | D        | Round 2.
   201 | D        | Noticed a necrophage
   210 | D        | Killed a necrophage
   210 | D        | Reached skill level 10 in Maces & Flails
   210 | D        | Reached XP level 5. HP: 44/50 MP: 2/2
   259 | D        | Noticed a necrophage
   260 | D        | Killed a necrophage
   260 | D        | Reached skill level 11 in Maces & Flails
   260 | D        | Reached XP level 6. HP: 59/59 MP: 3/3
   263 | D        | Noticed a phantom
   285 | D        | Killed a phantom
   285 | D        | Reached skill level 12 in Maces & Flails
   287 | D        | Arena points: 56 (+42) [x3]
   361 | D        | Round 3.
   386 | D        | Noticed a rust devil
   406 | D        | Killed a rust devil
   406 | D        | Reached skill level 14 in Maces & Flails
   406 | D        | Reached XP level 7. HP: 61/66 MP: 2/3
   422 | D        | Bought 3 royal jellies for 24 gold pieces
   437 | D        | Noticed a rust devil
   448 | D        | Killed a rust devil
   448 | D        | Acquired Trog's third power
   448 | D        | Reached skill level 15 in Maces & Flails
   448 | D        | Reached XP level 8. HP: 74/74 MP: 2/3
   492 | D        | Noticed a boulder beetle
   524 | D        | Arena points: 74 (+18) [x1]
   539 | D        | Round 4.
   666 | D        | Arena points: 130 (+56) [x2]
   733 | D        | Round 5.
   744 | D        | Noticed a salamander
   748 | D        | Noticed a giant anaconda
   751 | D        | Killed a salamander
   751 | D        | Reached skill level 5 in Fighting
   758 | D        | Slain by a naga

Action                   |  1- 3 |  4- 6 |  7- 9 || total
-------------------------+-------+-------+-------++-------
Melee: Giant spiked club |    19 |    27 |    26 ||    72
Throw: Stone             |       |       |     7 ||     7
Invok: Berserk           |     1 |     1 |     1 ||     3
       Trog's Hand       |       |     1 |     3 ||     4
       Brothers in Arms  |       |       |     1 ||     1
Evoke: Wand              |       |     1 |     7 ||     8
  Use: Potion            |       |       |     1 ||     1
  Eat: Chunk             |       |     1 |     4 ||     5
       Meat ration       |       |     1 |       ||     1
